 Dungeon Crawl Stone Soup version 0.19.5 (webtiles) character file.

174 Haldmier the Slasher (level 5, -1/34 HPs)
             Began as a High Elf Skald on Apr 8, 2017.
             Killed from afar by Natasha (6 damage)
             ... with a magic dart
             ... on level 2 of the Dungeon.
             The game lasted 00:10:12 (3366 turns).

Haldmier the Slasher (High Elf Skald)               Turns: 3366, Time: 00:10:12

Health: -1/34      AC:  0    Str: 12    XL:     5   Next: 28%
Magic:  9/9        EV: 14    Int: 15    God:
Gold:   157        SH:  0    Dex: 15    Spells: 3 memorised, 2 levels left

rFire  . . .     SeeInvis .     (weapon currently unavailable)
rCold  . . .     Gourm    .     (armour currently unavailable)
rNeg   . . .     Faith    .     (shield currently unavailable)
rPois  .         Spirit   .     (helmet currently unavailable)
rElec  .         Reflect  .     (cloak currently unavailable)
rCorr  .         Harm     .     (gloves currently unavailable)
MR     .....                    (boots currently unavailable)
Stlth  +.........               (no amulet)
                                (ring currently unavailable)
                                (ring currently unavailable)

@: pig-form (expiring), slowed
A: no striking features
a: no special abilities


You were on level 2 of the Dungeon.
You were very hungry.
You were a filthy swine.
You visited 1 branch of the dungeon, and saw 2 of its levels.

You collected 157 gold pieces.

Inventory:

Hand Weapons
 a - a +3 dagger of holy wrath
 b - a +0 hunting sling
 q - a +0 falchion
 x - a +0 falchion of slicing (melded)
Missiles
 g - 72 stones (quivered)
 l - 5 tomahawks
Armour
 f - a +0 ring mail
 n - a +0 leather armour (melded)
 r - a +0 helmet (melded)
Scrolls
 e - a scroll of amnesia {unknown}
 j - 2 scrolls of immolation {unknown}
 k - a scroll of enchant armour {unknown}
 o - a scroll of identify {unknown}
 t - a scroll of enchant weapon {unknown}
 u - a scroll of noise {unknown}
 v - a scroll of fear {unknown}
 w - a scroll of teleportation {unknown}
Potions
 i - 2 potions of curing {unknown}
 m - a potion of lignification {unknown}
 p - a potion of flight {unknown}
 s - a potion of heal wounds {unknown}
Books
 c - a book of Battle

   Spells                             Type                      Level
   a - Infusion                       Charms                       1
   b - Shroud of Golubria             Charms/Translocation         2
   c - Song of Slaying                Charms                       2
   d - Spectral Weapon                Hexes/Charms                 3
   e - Regeneration                   Charms/Necromancy            3
Comestibles
 d - 3 bread rations
 h - a royal jelly


   Skills:
 - Level 2.0 Fighting
 + Level 4.6 Long Blades
 - Level 0.8 Armour
 - Level 1.1 Dodging
 - Level 2.4 Spellcasting
 * Level 2.4 Hexes
 - Level 3.6 Charms
 - Level 3.0 Translocations


You had 2 spell levels left.
You knew the following spells:

 Your Spells              Type           Power        Failure   Level  Hunger
a - Infusion              Chrm           ##..         6%          1    #......
b - Shroud of Golubria    Chrm/Tloc      ##........   12%         2    ###....
c - Spectral Weapon       Hex/Chrm       ##......     21%         3    ###....


Dungeon Overview and Level Annotations

Branches:
Dungeon (2/15)

Altars:
Fedhas
Makhleb

Annotations:
D:2 Natasha


Message History

Natasha is almost dead.
Natasha closely misses you. Natasha claws you.
You take 2 damage, and have 19/34 hp.
You miss Natasha.
Natasha is almost dead.
Natasha claws you!
* * * LOW HITPOINT WARNING * * *
You take 9 damage, and have 10/34 hp.
MASSIVE DAMAGE!!
Your transformation is almost over.
Natasha zaps a wand.
You resist with some effort.
MP restored: 9 The white imp disappears in a puff of smoke!
Natasha casts a spell at you. The magic dart hits you!
* * * LOW HITPOINT WARNING * * *
You see here a club.
You take 6 damage, and have 4/34 hp.
Natasha stares at you and mumbles some strange words.
The magic dart hits you!
You die...

### ############ #.#
...........# #.#
...........# ####.#
...........######....###
...........5h..)h.....>#
...........######.##.#.#
...........# #.##.#.#
...........# #.##.#.#
...........######.##.#.#
...(.................#.#
###########....5....##.#
.........)'.........##.#
..#########.........##.#


You could see Natasha and a shadow imp.

Vanquished Creatures
  Terence (D:2)
  Natasha (twice) (D:2)
  Robin (D:2)
  2 adders (D:2)
  2 oozes (D:2)
  A worm (D:2)
  3 dart slugs
  A ball python (D:2)
  2 bats (D:2)
  4 giant cockroaches
  10 hobgoblins
  3 jackals (D:2)
  5 kobolds
  3 frilled lizards (D:2)
  8 goblins
  5 rats
53 creatures vanquished.

Vanquished Creatures (others)
  4 fungi (D:2)
  2 plants (D:2)
6 creatures vanquished.

Grand Total: 59 creatures vanquished

Notes
Turn   | Place    | Note
-------+----------+-------------------------------------------
     0 | D:1      | Haldmier the High Elf Skald began the quest for the Orb.
     0 | D:1      | Reached XP level 1. HP: 14/14 MP: 4/4
   237 | D:1      | Reached skill level 3 in Long Blades
   470 | D:1      | Reached XP level 2. HP: 19/19 MP: 0/6
   526 | D:1      | Learned a level 2 spell: Shroud of Golubria
  1032 | D:2      | Found a burning altar of Makhleb.
  1225 | D:2      | Reached skill level 1 in Translocations
  1500 | D:2      | Noticed Robin
  1509 | D:2      | Reached XP level 3. HP: 24/24 MP: 3/7
  1589 | D:2      | Killed Robin
  1589 | D:2      | Reached skill level 4 in Long Blades
  1607 | D:2      | HP: 1/24 [hobgoblin/club[Robin] (2)]
  2056 | D:2      | Learned a level 3 spell: Spectral Weapon
  2069 | D:2      | Found a blossoming altar of Fedhas.
  2075 | D:2      | Noticed Natasha
  2174 | D:2      | Killed Natasha
  2174 | D:2      | Reached skill level 1 in Hexes
  2174 | D:2      | Reached XP level 4. HP: 16/29 MP: 0/8
  2205 | D:2      | Noticed Natasha
  2367 | D:2      | Killed Natasha
  2757 | D:2      | Noticed Terence
  2786 | D:2      | Killed Terence
  2786 | D:2      | Reached XP level 5. HP: 28/34 MP: 0/9
  3318 | D:2      | Noticed Natasha
  3366 | D:2      | Killed from afar by Natasha

Skill      XL: |  1  2  3  4  5 |
---------------+----------------+-----
Long Blades    | 3 4 |  4.6
Translocations | 1 2 3 |  3.0
Hexes          | 1 2 |  2.4
Fighting       | |  2.0
Armour         | |  0.8
Dodging        | |  1.1
Spellcasting   | |  2.4
Charms         | |  3.6

Action                   |  1- 3 |  4- 6 || total
-------------------------+-------+-------++-------
Melee: Falchion          |    85 |    24 ||   109
       Dagger            |    46 |    67 ||   113
       Unarmed           |       |     8 ||     8
 Fire: Hunting sling     |     1 |       ||     1
 Cast: Infusion          |    14 |     1 ||    15
       Shroud of Golubri |     6 |     7 ||    13
       Spectral Weapon   |       |     3 ||     3
  Eat: Chunk             |     4 |     4 ||     8
Armor: Leather armour    |    29 |    23 ||    52
Dodge: Dodged            |    63 |    59 ||   122
       Rpst.: Falchion   |    10 |     1 ||    11
